Unix NetHack Version 5.0.0-0 post-release - last build Jun 10 2026 00:39:30 (3ee93aec679c4c4259841fe613dc97188e26a321,branch:main).

Game began 2026-06-12 20:22:23, ended 2026-06-13 00:56:28.

Jobair, lawful female human Archeologist

                                                           --------
                                                          #-......|
                                                          #|....>.|
   ------------                                           #|.......###
   |//??%/?m@0|                                         ###|......|  ###  ----
   |.%??(![000|                ---------                #  |......|    ###...|
   |%??!=?]*?.-#              #........|        -------##  |......|       |..|
   |+(%=)?%%?.|#              #|..|..^.|        |.....-#   --------       |.<|
   |.(![(]=+!.|####        ####.........########-.....|                   |..|
   ------------   #  -----#####|.......|        |...(.|                   ----
                  #  |...|# #  ---------        -------
                  #  |...|##
                  ###....-#
                     |...|
                     -----

Jobair the Field Worker    St:15 Dx:11 Co:14 In:14 Wi:13 Ch:9  Lawful
Dlvl:6  $:0  HP:0(40) Pw:18(18) AC:4  Xp:4 T:3117 

Latest messages:
 The bat bites!
 Godzilla bites the bat.
 The bat is killed!
 The bat strikes at your displaced image and misses you!
 You swap places with Godzilla.
 Godzilla bites the bat.
 Godzilla misses the bat.
 You stop.  Godzilla is in the way!
 Godzilla bites the bat.
 The bat is killed!
 "Hello, Jobair!  Welcome again to Angmagssalik's general store!"
 What do you want to use or apply?
 In what direction? 1
 Status of Godzilla (neutral, small):  Level 3  HP 17(18)  AC 6, tame.
 You see here a large box (for sale, 2411 zorkmids).
 You see here an aluminum wand (for sale, 267 zorkmids).
 That scroll of identify is a large mimic!
 You cannot escape from the large mimic!
 You cannot escape from the large mimic!
 You cannot escape from the large mimic!
 You cannot escape from the large mimic!
 The large mimic hits!
 You cannot escape from the large mimic!
 The large mimic hits!
 You cannot escape from the large mimic!
 The large mimic hits!
 You cannot escape from the large mimic!
 You are hit by a rock.
 You cannot escape from the large mimic!
 A rock misses you.
 The large mimic hits!
 What do you want to read?
 As you read the scroll, it disappears.
 The shop's ceiling rumbles above you!
 You are hit by a boulder!
 Fortunately, you are wearing a hard helmet.
 You hear the howling of the CwnAnnwn...
 You cannot escape from the large mimic!
 You cannot escape from the large mimic!
 You cannot escape from the large mimic!
 A rock misses you.
 You cannot escape from the large mimic!
 The large mimic hits!
 You die...
 Angmagssalik gratefully inherits all your possessions.
 Do you want to see what you had when you died? [ynq] (y) y
 Do you want to see your attributes? [ynq] (y) y
 Do you want an account of creatures vanquished? [ynaq] (y) y
 Do you want to see your conduct and achievements? [ynq] (y) y
 Do you want to see the dungeon overview? [ynq] (y) y

Inventory:
 Weapons  (')')
  y - a +0 dagger
  x - 3 +0 orcish daggers
  B - a +0 aklys (alternate weapon; not wielded)
  a - a +2 bullwhip (weapon in right hand)
 Armor    ('[')
  I - an uncursed +0 helm of brilliance
  z - an uncursed rustproof +1 orcish helm (being worn)
  J - an uncursed +0 pair of water walking boots (being worn)
  H - an uncursed +0 cloak of displacement (being worn)
  G - an uncursed +0 cloak of invisibility
  F - an uncursed +0 leather cloak
  K - an uncursed +0 orcish cloak
  D - an uncursed +0 Hawaiian shirt with a flamingo motif
  u - an uncursed +0 leather armor (being worn)
 Comestibles  ('%')
  d - 2 uncursed food rations
 Spellbooks  ('+')
  N - an uncursed spellbook of detect food
 Potions  ('!')
  P - a cursed potion of sleeping
 Tools    ('(')
  b - an uncursed sack containing 2 items
  i - an uncursed oil lamp
  M - an uncursed oil lamp
  s - an uncursed stethoscope
  f - a tinning kit (0:70)
  L - an uncursed towel
 Gems/Stones  ('*')
  g - an uncursed touchstone

Contents of the sack:
  129 gold pieces
  a +0 pick-axe

Jobair the Archeologist's attributes:

Background:
 You were a Field Worker, a level 4 female human Archeologist.
 You were lawful, on a mission for Quetzalcoatl
 who was opposed by Camaxtli (neutral) and Huhetotl (chaotic).
 You were right-handed.
 You were in the Dungeons of Doom, on level 6.
 You entered the dungeon 3117 turns ago.
 It was the midnight hour.
 You had 156 experience points, 4 more were needed to attain level 5.

Basics:
 You had 0 out of 40 hit points.
 You had all 18 energy points (spell power).
 Your armor class was 4.
 Your wallet was empty, but
 you had 129 zorkmids stashed away in your pack.
 Autopickup was off.

Final Characteristics:
 Your strength was 15 (limit:18/100).
 Your dexterity was 11 (limit:18).
 Your constitution was 14 (limit:18).
 Your intelligence was 14 (limit:18).
 Your wisdom was 13 (limit:18).
 Your charisma was 9 (limit:18).

Final Status:
 You were held by a large mimic (west).
 You weren't hungry.
 You were unencumbered.
 You were wielding a whip.
 You had basic skill with whip and could have enhanced that.

Final Attributes:
 You were piously aligned.
 You had automatic searching.
 You were displaced.
 You could walk on water.
 You were warded.
 You are dead.

Miscellaneous:
 You encountered 1 bones level.
 Total elapsed playing time was 31 minutes and 57 seconds.

Major events:
 Turn
    1: Jobair the lawful female human Archeologist entered the dungeon
  768: entered the Gnomish Mines
 1095: attained the rank of Field Worker (level 3)
 3117: killed by a large mimic

You didn't know any spells.

Skills:
 Fighting Skills
   bare handed combat [Unskilled]
   two weapon combat  [Unskilled]
   riding             [Unskilled]
 Weapon Skills
   dagger             [Unskilled]
   knife              [Unskilled]
   pick-axe           [Basic]
   short sword        [Unskilled]
   saber              [Unskilled]
   club               [Unskilled]
   quarterstaff       [Unskilled]
   sling              [Unskilled]
   dart               [Unskilled]
   boomerang          [Unskilled]
   whip               [Basic]
   unicorn horn       [Unskilled]
 Spellcasting Skills
   attack spells      [Unskilled]
   healing spells     [Unskilled]
   divination spells  [Unskilled]
   matter spells      [Unskilled]

Voluntary challenges:
 Character rerolling was not enabled.
 You never genocided any monsters.
 You never polymorphed an object.
 You never changed form.
 You used no wishes.
Achievements:
 You entered a shop.
 You entered the Gnomish Mines.
 You attained the rank of Field Worker.

 The Dungeons of Doom: levels 1 to 6
    Level 1:
       A sink.
    Level 2:
       A potion shop, an altar to Quetzalcoatl.
       Stairs down to The Gnomish Mines.
    Level 3:
       A ring shop, an altar to Quetzalcoatl.
    Level 4:
       A ring shop.
       Final resting place for
          Staengia-Arc-Hum-Mal-Law, killed by a giant bat.
    Level 5:
       An armor shop.
    Level 6: <- You were here.
       A general store, a grave.
       Final resting place for
          you, killed by a large mimic.
 The Gnomish Mines:
    Level 3:


Vanquished creatures:
 an imp
  a straw golem
  a giant ant
  a kitten
  a dwarf
  a kobold leader
  a giant bat
  a werejackal
 an acid blob
  a coyote
  a hobbit
  2 manes
  a yellow mold
  a red mold
  4 gnomes
  3 geckos
  6 jackals
  2 foxes
  5 goblins
  2 sewer rats
  3 grid bugs
  2 bats
  2 lichens
  a kobold zombie
  6 newts
51 creatures vanquished.

No species were genocided or became extinct.

Game over:
                       ----------
                      /          \
                     /    REST    \
                    /      IN      \
                   /     PEACE      \
                  /                  \
                  |      Jobair      |
                  |       0 Au       |
                  |   killed by a    |
                  |   large mimic    |
                  |                  |
                  |                  |
                  |       2026       |
                 *|     *  *  *      | *
        _________)/\\_//(\/(/\)/\//\/|_)_______

Goodbye Jobair the Archeologist...

You died in The Dungeons of Doom on dungeon level 6 with 884 points,
and 0 pieces of gold, after 3117 moves.
You were level 4 with a maximum of 40 hit points when you died.

